 Dungeon Crawl Stone Soup version 0.18.1-8-gdd0e5ea (webtiles) character file.

2103 M4edhros the Martial Artist (level 9, -8/54 HPs)
             Began as a Gargoyle Necromancer on June 1, 2016.
             Was a Follower of Cheibriados.
             Mangled by an orc warrior
             ... wielding a +0 flail
              (14 damage)
             ... on level 7 of the Dungeon on June 2, 2016.
             The game lasted 00:21:45 (2848 turns).

M4edhros the Martial Artist (Gargoyle Necromancer)  Turns: 2848, Time: 00:21:46

Health: -8/54      AC: 13    Str: 14 (15) XL:     9   Next: 28%
Magic:  10/12      EV: 14    Int: 16 (19) God:    Cheibriados [*.....]
Gold:   353        SH:  3    Dex: 12 (14) Spells: 3 memorised, 7 levels left

rFire  . . .     SeeInvis .       - Unarmed
rCold  + . .     Gourm    .     a - +0 robe
rNeg   + . .     Faith    .     (no shield)
rPois  ∞         Spirit   .     l - +2 helmet
rElec  +         Dismiss  .     (no cloak)
rCorr  .         Reflect  +     (no gloves)
SustAt .         Harm     .     (no boots)
MR     .....                    m - +3 amulet of reflection
Stlth  ++........               (no ring)
                                w - +3 ring of protection

@: very slow, not resistant to hostile enchantments, unstealthy
A: blurry vision 1, clumsy 1, cold resistance 1, negative energy resistance 1,
regeneration 1, electricity resistance, unbreathing, petrification resistance,
rot immunity, AC +5
a: Bend Time, Renounce Religion


You were on level 7 of the Dungeon.
You worshipped Cheibriados.
Cheibriados was aware of your devotion.
You were hungry.

You visited 2 branches of the dungeon, and saw 9 of its levels.
You also visited: Sewer.

You collected 353 gold pieces.

Inventory:

Missiles
 r - 5 silver tomahawks (quivered)
Armour
 a - a +0 robe (worn)
 k - a +0 leather armour
 l - a +2 helmet (worn)
Jewellery
 m - a +3 amulet of reflection (around neck)
 w - a +3 ring of protection (left hand)
Wands
 x - a wand of flame (18/48)
Scrolls
 d - 2 scrolls of fog {unknown}
 e - a scroll of magic mapping {unknown}
 f - a scroll of noise {unknown}
 g - 4 scrolls of remove curse {unknown}
 h - 3 scrolls of enchant weapon {unknown}
 i - 5 scrolls of identify {unknown}
 j - 2 scrolls of recharging {unknown}
 n - 2 scrolls of immolation {unknown}
 q - a scroll of fear {unknown}
 u - 4 scrolls of teleportation
 v - a scroll of amnesia {unknown}
 y - a scroll of blinking {unknown}
 z - a scroll of random uselessness {unknown}
Potions
 o - 2 potions of curing
 s - a potion of magic
Books
 b - a book of Necromancy

   Spells                             Type                      Level
   a - Pain                           Necromancy                   1
   b - Animate Skeleton               Necromancy                   1
   c - Vampiric Draining              Necromancy                   3
   d - Regeneration                   Charms/Necromancy            3
   e - Animate Dead                   Necromancy                   4
   f - Control Undead                 Necromancy                   4
Comestibles
 c - 3 bread rations
 p - a beef jerky
 t - 3 meat rations
 A - 2 chunks of flesh


   Skills:
 + Level 5.0 Fighting
 + Level 4.6 Dodging
 - Level 2.1 Stealth
 * Level 8.7 Unarmed Combat
 - Level 2.0 Spellcasting
 - Level 3.1 Charms
 + Level 3.3 Necromancy


You had 7 spell levels left.
You knew the following spells:

 Your Spells              Type           Power        Failure   Level  Hunger
a - Pain                  Necr           ##..         8%          1    #......
b - Animate Skeleton      Necr           N/A          8%          1    #......
r - Regeneration          Chrm/Necr      ##........   17%         3    ###....


Dungeon Overview and Level Annotations

Branches:
Dungeon (8/15)             Temple (1/1) D:6
   Lair: D:8-11

Altars:
Cheibriados
Fedhas
Gozag
Pakellas
Yredelemnul

Annotations:
D:3 Grinder


Innate Abilities, Weirdness & Mutations

You are resistant to torment.
Your stone body is resilient (AC +5).
You are immune to poison.
You resist negative energy.
You are resistant to electric shocks.
You can survive without breathing.
You are immune to petrification.
You are immune to rotting.
Scrolls take you a little longer to read.
You are clumsy. (Dex -2)
Your flesh is cold resistant.
Your natural rate of healing is unusually fast.


Message History

The orc warrior hits you with a halberd!!
You closely miss the orc warrior.
The orc warrior is heavily wounded.
Your skin is crawling a little less now.
You hit the orc warrior.
The orc warrior is heavily wounded.
The orc warrior hits you with a halberd.
The orc warrior hits you from afar with a halberd.
The orc warrior hits you from afar with a halberd!
The orc warrior hits you with a flail!
* * * LOW HITPOINT WARNING * * *
Your skin stops crawling.
Okay, then.
Drink which item? (? for menu, Esc to quit)
It was a potion of degeneration.
There was something very wrong with that liquid.
You feel weakened.
You feel dopey.
You feel clumsy. The orc hits you but does no damage.
The orc warrior closely misses you. The orc warrior hits you with a flail!
You die...

#.# #)......... #.#
#..........###### #.#
#..............<.
#####'###..........######
#..................
#..................
#......oo.......... ##
#......oo..>....... ..
#.......@.........# ##
#........##########
#........# #.........
#.........# #.........#
.........# .........#


You could see 2 orc warriors and 2 orcs.

Vanquished Creatures
  A hungry ghost (D:4)
  An ice beast (D:5)
  A sky beast (D:5)
  An orc warrior (D:6)
  A black bear (D:5)
  2 necrophages (D:6)
  An ogre (D:5)
  2 phantoms
  A crocodile (Sewer)
  A big kobold (D:7)
  A wyvern skeleton (D:7)
  A scorpion (D:5)
  8 killer bees
  A centaur zombie (D:6)
  3 hounds
  5 orc wizards
  A jelly (D:6)
  A worker ant (D:5)
  A hound zombie (D:6)
  A howler monkey zombie (D:8)
  A river rat (D:4)
  3 adders
  2 shadow imps
  An adder skeleton (D:4)
  3 giant geckos
  13 orcs
  2 giant cockroaches
  7 goblins
  4 hobgoblins (D:2)
  6 jackals
  9 kobolds
  4 quokkas
  2 ball pythons
  7 bats
  5 giant newts
  A jackal zombie (D:6)
  A quokka skeleton (D:4)
  3 rats
  A bush (D:6)
110 creatures vanquished.

Vanquished Creatures (collateral kills)
  A necrophage (D:6)
  An ogre (D:4)
  An orc wizard (D:5)
  A worker ant zombie (D:6)
  A river rat (D:4)
  An adder skeleton (D:4)
  6 orcs
  A kobold (D:2)
  A quokka (D:4)
14 creatures vanquished.

Vanquished Creatures (others)
  4 plants (D:6)
4 creatures vanquished.

Grand Total: 128 creatures vanquished

Notes
Turn   | Place    | Note
--------------------------------------------------------------
     0 | D:1      | M4edhros the Gargoyle Necromancer began the quest for the Orb.
     0 | D:1      | Reached XP level 1. HP: 10/10 MP: 3/3
    99 | D:1      | Reached skill level 1 in Unarmed Combat
   227 | D:2      | Reached XP level 2. HP: 7/15 MP: 1/5
   379 | D:3      | Learned a level 1 spell: Animate Skeleton
   413 | D:3      | Noticed Grinder
   433 | D:3      | Reached skill level 2 in Unarmed Combat
   596 | D:2      | Reached XP level 3. HP: 6/19 MP: 0/6
   601 | D:2      | Learned a level 3 spell: Regeneration
   827 | D:2      | Reached skill level 3 in Unarmed Combat
  1024 | D:4      | Reached skill level 1 in Charms
  1024 | D:4      | Reached XP level 4. HP: 12/24 MP: 0/7
  1091 | D:4      | Noticed a hungry ghost
  1123 | D:4      | Killed a hungry ghost
  1123 | D:4      | Reached skill level 4 in Unarmed Combat
  1123 | D:4      | Reached XP level 5. HP: 19/28 MP: 3/8
  1269 | D:4      | Noticed an ogre
  1278 | D:4      | Killed an ogre
  1278 | D:4      | Reached XP level 6. HP: 31/32 MP: 9/9
  1342 | D:4      | Found a glowing drain.
  1346 | Sewer    | Entered a sewer
  1489 | D:5      | Entered Level 5 of the Dungeon
  1590 | D:4      | Reached skill level 1 in Fighting
  1590 | D:4      | Reached skill level 5 in Unarmed Combat
  1642 | D:5      | Noticed a black bear
  1660 | D:5      | Killed a black bear
  1660 | D:5      | Reached XP level 7. HP: 32/39 MP: 2/10
  1772 | D:6      | Found a staircase to the Ecumenical Temple.
  1879 | D:5      | Gained mutation: Your natural rate of healing is unusually fast. [mutagenic meat]
  1880 | D:5      | Gained mutation: Your flesh is cold resistant. [mutagenic meat]
  1881 | D:5      | Gained mutation: Scrolls take you a little longer to read. [mutagenic meat]
  1883 | D:5      | Gained mutation: You are clumsy. (Dex -2) [mutagenic meat]
  1935 | D:5      | Reached skill level 6 in Unarmed Combat
  2018 | D:5      | Reached XP level 8. HP: 45/45 MP: 7/11
  2246 | D:6      | Reached skill level 7 in Unarmed Combat
  2279 | Temple   | Entered the Ecumenical Temple
  2288 | Temple   | Became a worshipper of Cheibriados the Contemplative
  2312 | D:6      | Found a blossoming altar of Fedhas.
  2564 | D:6      | Reached skill level 8 in Unarmed Combat
  2607 | D:7      | Reached * piety under Cheibriados
  2621 | D:7      | Reached XP level 9. HP: 49/52 MP: 12/12
  2813 | D:7      | Reached skill level 5 in Fighting
  2848 | D:7      | Mangled by an orc warrior

Skill      XL: |  1  2  3  4  5  6  7  8  9 |
---------------+----------------------------+-----
Unarmed Combat | 1 2 3 4 5 6 8 |  8.7
Charms         | 1 2 3 |  3.1
Fighting       | 1 2 4 5 |  5.0
Dodging        | 2 3 4 |  4.6
Stealth        | |  2.1
Spellcasting   | |  2.0
Necromancy     | |  3.3

Action                   |  1- 3 |  4- 6 |  7- 9 || total
-------------------------+-------+-------+-------++-------
Melee: Unarmed           |    85 |    98 |   445 ||   628
       Punch             |       |     4 |     8 ||    12
 Cast: Pain              |    45 |    12 |     4 ||    61
       Animate Skeleton  |     2 |     4 |     9 ||    15
       Regeneration      |     1 |     6 |    14 ||    21
  Use: Potion            |     3 |     3 |     2 ||     8
       Scroll            |     1 |       |       ||     1
 Stab: Sleeping          |     1 |       |     1 ||     2
       Distracted        |       |     1 |     1 ||     2
  Eat: Chunk             |     3 |     5 |    11 ||    19
       Beef jerky        |       |       |     1 ||     1
Armor: Robe              |    21 |    47 |   151 ||   219
       Leather armour    |    16 |       |       ||    16
       Skin              |       |     4 |       ||     4
Dodge: Dodged            |    54 |    74 |   239 ||   367
Block: Other             |     2 |    13 |    50 ||    65
       Reflection        |       |       |     1 ||     1
